 Dungeon Crawl Stone Soup version 0.31.0-11-ge490571c62 (webtiles) character file.

Game seed: 10252204697573598201

21 javelincjr the Changeling (level 2, -9/21 HPs)
             Began as a Demonspawn Shapeshifter on Feb 8, 2024.
             Mangled by an orc
             ... wielding a +4 falchion
              (10 damage)
             ... on level 2 of the Dungeon on Feb 9, 2024.
             The game lasted 00:04:11 (650 turns).

javelincjr the Changeling (Demonspawn Shapeshifter)  Turns: 650, Time: 00:04:12

Health: -9/21      AC:  2    Str: 14    XL:     2   Next: 65%
Magic:  2/2        EV: 12    Int: 10    God:
Gold:   65         SH:  0    Dex: 12    Spells: 1/1 levels left

rFire   . . .        m - +1 mace (drain)
rCold   . . .        (no shield)
rNeg    . . .        a - +0 animal skin
rPois   .            (helmet currently unavailable)
rElec   .            (cloak currently unavailable)
rCorr   .            (gloves currently unavailable)
SInv    .            (boots currently unavailable)
Will    .....        (no amulet)
Stlth   +            (no ring)
HPRegen 0.23/turn    (no ring)
MPRegen 0.08/turn

%: no passive effects
@: beast-form
A: beast (slay +1), powered by death 1
a: Begin Untransformation


You were on level 2 of the Dungeon.
You were a hulking beast.
You visited 1 branch of the dungeon, and saw 2 of its levels.

You collected 65 gold pieces.

Inventory:

Hand Weapons
 m - a +1 mace of draining (weapon)
Missiles
 e - 39 stones (quivered)
 g - 8 poisoned darts
Armour
 a - a +0 animal skin (worn)
 f - a +0 buckler
Talismans
 c - a beast talisman
 d - a flux talisman
Scrolls
 h - a scroll of immolation {unknown}
 i - a scroll of identify {unknown}
Potions
 b - a potion of lignification
 j - a potion of heal wounds {unknown}
 k - a potion of curing {unknown}
 l - a potion of might {unknown}


   Skills:
 + Level 1.4 Fighting
 + Level 2.0 Dodging
 + Level 2.9 Unarmed Combat
 * Level 3.0 Shapeshifting


You had one spell level left.
You didn't know any spells.
Your spell library contained the following spells:

 Spells                   Type           Power      Damage    Failure   Level
 Lesser Beckoning         Tloc           0%         N/A       50%         2
 Gell's Gravitas          Tloc           0%         N/A       75%         3
 Teleport Other           Tloc           0%         N/A       75%         3


Dungeon Overview and Level Annotations

Branches:
Dungeon (2/15)

Altars:

Shops:
D:1 [


Innate Abilities, Weirdness & Mutations

You are a hulking beast.
Your limbs bulge with bestial killing power. (Slay +1)
You regenerate a little health from kills.


Message History

What level of the Dungeon? (default 1, ? - help)
There is a stone staircase leading down here.
You climb downwards.
There is a stone staircase leading up here.
A ball python is nearby!
A ball python is nearby!
You hit the ball python.
You kill the ball python!
No target in view!
An endoplasm comes into view.
The endoplasm quivers.
The endoplasm closely misses you.
You hit the endoplasm. You drain the endoplasm.
You kill the endoplasm!
No target in view!
Found a stone staircase leading up.
No target in view!
An orc comes into view. It is wielding a +4 falchion.
Found 3 large rocks.
The orc shouts!
You barely miss the orc. The orc hits you with a +4 falchion. x2
You barely miss the orc. The orc hits you with a +4 falchion.
You are too injured to fight recklessly!
You are too injured to fight recklessly!
You are too injured to fight recklessly!
You are too injured to fight recklessly!
You are too injured to fight recklessly!
You are too injured to fight recklessly!
You are too injured to fight recklessly!
You closely miss the orc. The orc hits you with a +4 falchion.
* * * LOW HITPOINT WARNING * * *
The orc closely misses you.
You closely miss the orc. The orc misses you.
You closely miss the orc. The orc barely misses you.
You hit the orc. You drain the orc.
The orc is heavily wounded.
The orc hits you with a +4 falchion.
* * * LOW HITPOINT WARNING * * *
The orc hits you with a +4 falchion!
You die...

##### # #.#...#
####.# #. .<.
#.<..# #. ...
#.#### #. #.# #.#
#. #.# #.# #.
#.######.#
#o##.....##.#
#.h.####.##.#
(................#
########.####.####
#.# #.# #.# #.#
#.# #.# #.# #..
#.# ... ##.


You could see an orc (very drained).

Vanquished Creatures
  A dart slug (D:1)
  6 endoplasms
  2 goblins (D:1)
  A hobgoblin (D:1)
  2 ball pythons
  2 bats (D:1)
  A frilled lizard (D:1)
  2 kobolds (D:1)
  2 rats (D:1)
19 creatures vanquished.

Notes
Turn   | Place    | Note
-------+----------+-------------------------------------------
     0 | D:1      | javelincjr the Demonspawn Shapeshifter began the quest for
                  | the Orb.
     0 | D:1      | Reached XP level 1. HP: 15/15 MP: 1/1
   169 | D:1      | Gained mutation: You regenerate a little health from kills.
                  | [demonic ancestry]
   169 | D:1      | Reached XP level 2. HP: 15/21 MP: 2/2
   276 | D:1      | Found Maqeesod's Antique Armour Shoppe.
   363 | D:1      | Reached skill level 3 in Shapeshifting
   650 | D:2      | HP: 1/21 [orc/+4 falchion (6)]
   650 | D:2      | Mangled by an orc

Illustrated notes

Levels and vault maps discovered:
D:1:      minmay_arrival_shattered_statue, layout_basic, serial_shops, shop
D:2:      layout_loops_ring

Skill      XL: |  1  2 |
---------------+-------+-----
Dodging        | 2 |  2.0
Shapeshifting  | 3 |  3.0
Fighting       | |  1.4
Unarmed Combat | |  2.9

Action                     || total
---------------------------++-------
  Melee: Unarmed           ||    43
         Mace              ||     8
  Throw: Stone             ||     5
   Stab: Sleeping          ||     1
 Armour: Animal skin       ||    25
  Dodge: Dodged            ||    25
